[Event "Titled Tuesday Blitz April 18 Late 2023"]
[White "D`Arruda, Ricardo D."]
[Black "Kosteniuk, Alexandra"]
[WhiteFideId "100692"]
[BlackFideId "4128125"]
[WhiteElo "2467"]
[BlackElo "2453"]
[Result "1-0"]
[Round "07"]
[TimeControl "180+2"]
[Date "2023.04.18"]
[WhiteClock "0:00:19"]
[BlackClock "0:00:03"]

1. d4 f5 2. Nf3 Nf6 3. e3 e6 4. Be2 c5 5. O-O b6 6. c4 Bb7 7. Nc3 d6 8. d5 e5 9. Ng5 Bc8 10. Ne6 Bxe6 11. dxe6 Be7 12. Nd5 O-O 13. b3 Re8 14. f4 e4 15. Bb2 Na6 16. g4 fxg4 17. Bxg4 Nc7 18. f5 Ncxd5 19. cxd5 b5 20. Kh1 Kh8 21. Rg1 Rg8 22. Bh5 Nxh5 23. Qxh5 Bf6 24. Bxf6 Qxf6 25. Raf1 Rge8 26. Rf4 Re7 27. Rg6 Qa1+ 28. Rg1 Qf6 29. Rg6 Qa1+ 30. Kg2 Qxa2+ 31. Kh3 Qxb3 32. Rh4 Qxe3+ 33. Rg3 Qh6 34. Qg4 Qf6 35. Qxe4 Rf8 36. Rh5 Qd4 37. Qxd4 cxd4 38. Rd3 h6 39. Rxd4 a5 40. Kg4 Rf6 41. Rh3 Kh7 42. Rb3 b4 43. Rc4 Rf8 44. Rc6 Rd8 45. Ra6 Rb7 46. Rxa5 Kg8 47. f6 gxf6 48. Kf5 Kg7 49. Ra4 Rdb8 50. Ra6 Rd8 51. Rg3+ Kh7 52. Rb3 Kg7 53. h4 h5 54. Ra2 Rb5 55. Rg2+ Kh6 56. Kxf6 Rxd5 57. e7 Ra8 58. Rbg3 Re5 59. Rg6+ Kh7 60. Rg7+ Kh8 61. R7g5 1-0


[Site "https://www.chess.com"]

[Event "Titled Tuesday Blitz April 18 Late 2023"]
[White "Sprenar, Petr"]
[Black "Marek, Matyas"]
[WhiteFideId "397164"]
[BlackFideId "335398"]
[WhiteElo "2182"]
[BlackElo "2279"]
[Result "1-0"]
[Round "07"]
[TimeControl "180+2"]
[Date "2023.04.18"]
[WhiteClock "0:00:21"]
[BlackClock "0:00:22"]

1. d4 Nf6 2. c4 c5 3. d5 b5 4. cxb5 a6 5. bxa6 g6 6. Nc3 Bg7 7. a7 Rxa7 8. e4 O-O 9. Nf3 d6 10. Be2 Ba6 11. O-O Qa5 12. a4 Bxe2 13. Qxe2 Qa6 14. Nb5 Nbd7 15. Bd2 Rb7 16. Bc3 Ne8 17. e5 Nc7 18. exd6 exd6 19. Bxg7 Kxg7 20. Qe7 Nxb5 21. axb5 Qxb5 22. Qxd6 Qxb2 23. h4 Qf6 24. Qxf6+ Nxf6 25. Rac1 Rc8 26. Rfd1 Rd7 27. d6 Ne4 28. Nd2 Nxd2 29. Rxd2 Rc6 30. Rd5 c4 31. Rd4 c3 32. Rd3 c2 33. Rd2 Rcxd6 34. Rxd6 Rxd6 35. Rxc2 Rd4 36. g3 h5 37. Kg2 Rd6 38. Kf3 Re6 39. Re2 Rf6+ 40. Kg2 Re6 41. Rxe6 fxe6 42. Kf3 Kf6 43. Ke4 e5 44. Kd5 Kf5 45. f3 Kf6 46. g4 hxg4 47. fxg4 Kf7 48. Kxe5 Ke7 49. g5 Kf7 50. Kd6 Kf8 51. Ke6 Kg7 52. Ke7 Kh7 53. Kf6 1-0


[Site "https://www.chess.com"]

[Event "Titled Tuesday Blitz April 18 Late 2023"]
[White "Prohaszka, Peter"]
[Black "Melikhov, Evgeny V."]
[WhiteFideId "726265"]
[BlackFideId "4122046"]
[WhiteElo "2626"]
[BlackElo "2158"]
[Result "1-0"]
[Round "07"]
[TimeControl "180+2"]
[Date "2023.04.18"]
[WhiteClock "0:00:19"]
[BlackClock "0:00:05"]

1. d4 Nf6 2. c4 e6 3. Bf4 d5 4. cxd5 exd5 5. e3 h6 6. h3 Bd6 7. Bxd6 Qxd6 8. Bd3 O-O 9. Nc3 c6 10. Nf3 Nbd7 11. Qc2 Re8 12. O-O Nf8 13. Rab1 a5 14. Ne5 N6d7 15. f4 f6 16. Ng4 h5 17. Bg6 Nxg6 18. Qxg6 Qe6 19. Qxh5 Nf8 20. Rbe1 Bd7 21. Rf3 Qf7 22. Qh4 Re7 23. Rg3 Ng6 24. Nh6+ gxh6 25. Qxh6 Qh7 26. Rxg6+ Rg7 27. Rxg7+ Qxg7 28. Qxg7+ Kxg7 29. Kf2 Re8 30. Na4 f5 31. Nc5 Bc8 32. Nd3 Kf6 33. Rc1 Be6 34. Ne5 Ra8 35. a4 Ra6 36. Rc3 Rb6 37. b3 Rb4 38. Nd3 Rb6 39. Kf3 Ra6 40. Nc5 Ra7 41. g4 fxg4+ 42. hxg4 Ra8 43. f5 Bf7 44. Kf4 Rh8 45. g5+ Ke7 46. Nxb7 Be8 47. Nxa5 Rh4+ 48. Kg3 Rh1 49. Nxc6+ Bxc6 50. Rxc6 Rg1+ 51. Kf4 Re1 52. Re6+ Kf7 53. g6+ Kg7 54. a5 Ra1 55. a6 Ra3 56. Ke5 Rxb3 57. Kxd5 Ra3 58. Ke4 Ra4 59. Kf4 Ra5 60. Kg5 Ra4 61. Re7+ Kf8 62. f6 Ra5+ 63. Re5 Rxa6 64. Rb5 Ra1 65. Rb8# 1-0


[Site "https://www.chess.com"]

[Event "Titled Tuesday Blitz April 18 Late 2023"]
[White "mistrzemi"]
[Black "UnknownxArmy"]
[WhiteElo "2446"]
[BlackElo "2686"]
[Result "0-1"]
[Round "07"]
[TimeControl "180+2"]
[Date "2023.04.18"]
[WhiteClock "0:00:01"]
[BlackClock "0:00:29"]

1. d4 b6 2. e4 e6 3. Bd3 Bb7 4. Nd2 Nf6 5. Ngf3 d5 6. Qe2 Be7 7. e5 Nfd7 8. c3 c5 9. h4 Nc6 10. a3 Qc7 11. Nf1 O-O-O 12. Bf4 h6 13. h5 c4 14. Bc2 b5 15. Ne3 a5 16. Ng4 Qb6 17. Kd2 b4 18. a4 Kb8 19. Ne3 Ka7 20. g4 bxc3+ 21. bxc3 Bb4 22. Rhb1 Nxd4 23. Rxb4 Nxe2 24. Rxb6 Nxf4 25. Rb5 Bc6 26. Rb2 Rb8 27. Rab1 Rxb2 28. Rxb2 Rb8 29. Rxb8 Kxb8 30. Nf1 Nc5 31. g5 Bxa4 32. Bb1 Bb3 33. Ke3 Ng2+ 34. Kd4 Nd7 35. gxh6 gxh6 36. N1h2 Nf4 37. Ng4 Nxh5 38. Nxh6 a4 39. Nxf7 a3 40. N3g5 Nf4 41. Ke3 Ng6 42. f4 Ngf8 43. Nd8 Nc5 44. Kd4 Nd3 45. Ngxe6 Nd7 46. Nc6+ Kb7 47. Nb4 Nxb4 48. cxb4 Kc6 49. Nc5 Nxc5 50. bxc5 a2 51. Bxa2 Bxa2 52. e6 Bb1 53. e7 Bg6 0-1


[Site "https://www.chess.com"]

[Event "Titled Tuesday Blitz April 18 Late 2023"]
[White "Domingo Nunez, Ruben"]
[Black "Mackster23"]
[WhiteFideId "22245570"]
[WhiteElo "2404"]
[BlackElo "2443"]
[Result "1-0"]
[Round "07"]
[TimeControl "180+2"]
[Date "2023.04.18"]
[WhiteClock "0:00:57"]
[BlackClock "0:00:02"]

1. c4 Nf6 2. g3 g6 3. Bg2 Bg7 4. Nf3 O-O 5. O-O d6 6. d4 Nc6 7. Nc3 e5 8. d5 Nb8 9. e4 a5 10. Ne1 Na6 11. Nd3 Nd7 12. Be3 f5 13. a3 Nf6 14. b4 Ng4 15. Bd2 f4 16. c5 Rf6 17. f3 Nh6 18. gxf4 exf4 19. e5 dxe5 20. b5 Nb8 21. Ne4 Qxd5 22. Nxf6+ Bxf6 23. Bc3 Bf5 24. Nf2 Qxc5 25. Rc1 Qb6 26. Qb3+ Be6 27. Qb2 Nf7 28. Kh1 Nd7 29. Rfd1 Nc5 30. Qe2 Re8 31. Bh3 Bxh3 32. Nxh3 Nb3 33. Rb1 a4 34. Qc4 Nc5 35. Nf2 Ne6 36. Ne4 Bg7 37. Rd7 Qe3 38. Kg2 Nd4 39. Qxf7+ 1-0


[Site "https://www.chess.com"]

[Event "Titled Tuesday Blitz April 18 Late 2023"]
[White "Kozin, Yuri"]
[Black "Mickiewicz, Piotr"]
[WhiteFideId "4129920"]
[BlackFideId "1114891"]
[WhiteElo "2626"]
[BlackElo "2246"]
[Result "0-1"]
[Round "07"]
[TimeControl "180+2"]
[Date "2023.04.18"]
[WhiteClock "0:00:51"]
[BlackClock "0:00:44"]

1. e4 e5 2. Nf3 Nf6 3. Nxe5 d6 4. Nf3 Nxe4 5. Nc3 Nxc3 6. dxc3 Be7 7. Be3 Nc6 8. Qd2 Be6 9. Nd4 Nxd4 10. Bxd4 Bf6 11. O-O-O O-O 12. Kb1 a5 13. h4 a4 14. a3 h5 15. Be2 Ra5 16. f3 b6 17. g4 Bxd4 18. Qxd4 Rd5 19. Qxa4 Rxd1+ 20. Rxd1 Qxh4 21. Qd4 Qh2 22. Qe3 h4 23. f4 Bd7 24. Bf3 Re8 25. Qd4 Qg3 26. Bd5 Bxg4 27. Rg1 Re1+ 28. Rxe1 Qxe1+ 29. Ka2 Be6 30. c4 h3 31. f5 Bxd5 32. cxd5 h2 0-1


[Site "https://www.chess.com"]

[Event "Titled Tuesday Blitz April 18 Late 2023"]
[White "Sargsyan, Shant"]
[Black "Gatterer, Florian"]
[WhiteFideId "13306766"]
[BlackFideId "811688"]
[WhiteElo "2628"]
[BlackElo "2221"]
[Result "1-0"]
[Round "07"]
[TimeControl "180+2"]
[Date "2023.04.18"]
[WhiteClock "0:01:56"]
[BlackClock "0:00:01"]

1. a4 d5 2. h4 e5 3. e3 Nf6 4. d4 exd4 5. exd4 Bd6 6. Bd3 O-O 7. Ne2 Re8 8. c3 Bg4 9. f3 Bd7 10. Kf2 c5 11. Bg5 h6 12. Nd2 c4 13. Bc2 hxg5 14. hxg5 Ng4+ 15. fxg4 Qxg5 16. Nf3 Qe3+ 17. Kf1 Bxg4 18. Neg1 Bg3 19. Qe2 Qxe2+ 20. Nxe2 Bxf3 21. gxf3 Bd6 22. Rh5 Nc6 23. Rxd5 Be7 24. Be4 g6 25. Nf4 Kg7 26. Rd7 Na5 27. Bd5 Rad8 28. Rxd8 Rxd8 29. Be4 Bd6 30. Nd5 Nb3 31. Re1 b6 32. Ne3 Nd2+ 33. Ke2 Nxe4 34. fxe4 Be7 35. Rg1 Rc8 36. e5 a6 37. Kf3 b5 38. Ke4 bxa4 39. d5 Bc5 40. d6 Bxe3 41. Kxe3 Rb8 42. Rd1 Rxb2 43. d7 a3 44. d8=Q a2 45. Qf6+ 1-0


[Site "https://www.chess.com"]

[Event "Titled Tuesday Blitz April 18 Late 2023"]
[White "Kushko, Dmitriy"]
[Black "Koc, Przemyslaw"]
[WhiteFideId "14162261"]
[BlackFideId "1109081"]
[WhiteElo "2230"]
[BlackElo "2161"]
[Result "1-0"]
[Round "07"]
[TimeControl "180+2"]
[Date "2023.04.18"]
[WhiteClock "0:00:53"]
[BlackClock "0:00:20"]

1. f4 f5 2. Nf3 Nf6 3. g3 g6 4. Bg2 Bg7 5. d3 O-O 6. Nc3 d6 7. e4 Nc6 8. e5 dxe5 9. fxe5 Ng4 10. d4 e6 11. Bf4 Nh6 12. Qd2 Nf7 13. h4 Nb4 14. h5 c6 15. O-O-O Nd5 16. Nxd5 cxd5 17. Rh2 Bd7 18. Rdh1 Rc8 19. hxg6 hxg6 20. Rh7 Qc7 21. c3 Qc4 22. Kb1 b5 23. Nh4 g5 24. Bxg5 Nxg5 25. Qxg5 Rf7 26. Ng6 Qd3+ 27. Ka1 f4 28. Rh8+ Bxh8 29. Ne7+ Kf8 30. Rxh8# 1-0


[Site "https://www.chess.com"]

[Event "Titled Tuesday Blitz April 18 Late 2023"]
[White "Mekhitarian, Krikor Sevag"]
[Black "Jaskolka, Tomasz"]
[WhiteFideId "2107660"]
[BlackFideId "1170791"]
[WhiteElo "2604"]
[BlackElo "2155"]
[Result "1-0"]
[Round "07"]
[TimeControl "180+2"]
[Date "2023.04.18"]
[WhiteClock "0:00:06"]
[BlackClock "0:00:02"]

1. Nf3 d5 2. c4 c6 3. e3 Nf6 4. Nc3 e6 5. b3 Nbd7 6. Bb2 Be7 7. d4 O-O 8. Bd3 b6 9. O-O Bb7 10. Re1 c5 11. Qe2 dxc4 12. bxc4 Rc8 13. Rad1 Qc7 14. d5 exd5 15. cxd5 Nxd5 16. Nxd5 Bxd5 17. Bxh7+ Kxh7 18. Rxd5 Nf6 19. Ng5+ Kg8 20. Qc2 g6 21. Qc3 Rfd8 22. Ne4 Rxd5 23. Nxf6+ Bxf6 24. Qxf6 Kf8 25. e4 Rh5 26. h3 Qe7 27. Qf3 c4 28. Ba3 Rhc5 29. Qc3 Kg8 30. Bxc5 Qxc5 31. a4 a6 32. e5 Rc6 33. Rd1 Qe7 34. Rd5 Re6 35. Qxc4 Rxe5 36. Rxe5 Qxe5 37. Qxa6 Qa1+ 38. Kh2 Qe5+ 39. g3 Qc5 40. Kg2 Qd5+ 41. Kg1 Qd1+ 42. Kh2 Qc2 43. Qxb6 Qxa4 44. Qe3 Kg7 45. h4 Qg4 46. Kg2 Qf5 47. Qf3 Qe6 48. Qc3+ Kg8 49. Qe3 Qc6+ 50. Qf3 Qe6 51. Kf1 Qc4+ 52. Qe2 Qc1+ 53. Kg2 Qc6+ 54. Qf3 Qc1 55. Qd5 Qc7 56. h5 gxh5 57. Qxh5 Qc6+ 58. Qf3 Qe6 59. Qf4 Qd5+ 60. f3 Kg7 61. Kh3 Kf8 62. g4 Qd1 63. Qe4 Qf1+ 64. Kg3 Qg1+ 65. Kf4 Qh2+ 66. Ke3 Qh6+ 67. Kd3 Qa6+ 68. Ke3 Qh6+ 69. Qf4 Qb6+ 70. Qd4 Qb3+ 71. Ke4 Qe6+ 72. Kf4 Qh6+ 73. Kg3 Qh1 74. Qe3 Kg7 75. f4 Kf8 76. f5 Qf1 77. Qf2 Qd3+ 78. Kh4 Qc2 79. Qxc2 Kg7 80. Qc6 f6 81. Kh5 Kf7 82. Qd7+ Kf8 83. Kg6 Kg8 84. Qd8# 1-0


[Site "https://www.chess.com"]

[Event "Titled Tuesday Blitz April 18 Late 2023"]
[White "Ashraf, Artin"]
[Black "Storey, Charles H"]
[WhiteFideId "22514805"]
[BlackFideId "406686"]
[WhiteElo "2188"]
[BlackElo "2196"]
[Result "1-0"]
[Round "07"]
[TimeControl "180+2"]
[Date "2023.04.18"]
[WhiteClock "0:02:14"]
[BlackClock "0:01:29"]

1. e4 g6 2. d4 Bg7 3. h4 d5 4. e5 c5 5. dxc5 Bxe5 6. Nf3 Bg7 7. Nc3 e6 8. h5 Qa5 9. h6 Bxc3+ 10. bxc3 Qxc3+ 11. Bd2 Qxc5 12. c4 Ne7 13. cxd5 Nxd5 14. Rc1 Qxc1 15. Qxc1 Nc6 16. Bb5 Bd7 17. Qb2 O-O-O 18. O-O Nc7 19. Be2 e5 20. Rb1 b6 21. Rc1 Kb7 22. Nxe5 Nxe5 23. Qxe5 Bc6 24. Bf3 1-0


[Site "https://www.chess.com"]

[Event "Titled Tuesday Blitz April 18 Late 2023"]
[White "Yuan, Qingyu"]
[Black "reevecanada"]
[WhiteFideId "8609772"]
[WhiteElo "2359"]
[BlackElo "2458"]
[Result "1-0"]
[Round "07"]
[TimeControl "180+2"]
[Date "2023.04.18"]
[WhiteClock "0:00:14"]
[BlackClock "0:00:24"]

1. e4 c5 2. Nf3 d6 3. Bb5+ Bd7 4. Bxd7+ Qxd7 5. c4 e5 6. Nc3 Nc6 7. d3 Nge7 8. a3 g6 9. O-O Bg7 10. b4 b6 11. Rb1 O-O 12. Re1 Nd4 13. bxc5 bxc5 14. Nxd4 cxd4 15. Nd5 Nxd5 16. cxd5 Rab8 17. Bd2 f5 18. f3 f4 19. Qc2 g5 20. Qc6 Qe7 21. Bb4 Rb6 22. Bxd6 Qxd6 23. Rxb6 Qxa3 24. Rb7 Kh8 25. Rd1 g4 26. Qc7 Rg8 27. fxg4 Qa2 28. Qc1 Qe2 29. Qd2 Qxg4 30. Rf1 Bh6 31. Qf2 a5 32. Qf3 Qh4 33. Ra1 a4 34. Ra7 Bg5 35. R7xa4 Bd8 36. Ra8 Qe7 37. Kh1 Qb4 38. Rc1 Qd2 39. Rca1 Qc3 40. h3 Qc7 41. Rb1 Qg7 42. Rbb8 Qg5 43. Qg4 Qe7 44. Qe6 Qg5 45. Qg4 Qe7 46. Qf5 f3 47. Qxf3 Qg5 48. Qg4 Qc1+ 49. Kh2 Rxg4 50. Rxd8+ Kg7 51. Rg8+ Kf7 52. Rxg4 Qc3 53. Rg3 h5 54. Ra7+ Kf8 55. Rh7 Qc5 56. Rxh5 Qd6 57. Rf5+ Ke8 58. Rg8+ Kd7 59. Rg7+ Kc8 60. Rgg5 Kb7 61. Rg3 Kb6 62. h4 Kb5 63. Rh3 Kb4 64. h5 Kc3 65. h6 Qb8 66. h7 Qh8 67. d6 Kd2 68. d7 Ke2 69. d8=Q Qxd8 70. h8=Q Qa5 71. Qh5+ Kd2 72. Rf2+ Kc3 73. Qe2 Qa1 74. Qc2+ Kb4 75. Qc4+ Ka3 76. Qa2+ Qxa2 77. Rxa2+ Kxa2 78. g4 Ka1 79. g5 Kb1 80. g6 Ka1 81. g7 Kb1 82. g8=Q Ka1 83. Qg2 Kb1 84. Kg3 Ka1 85. Rh1# 1-0


[Site "https://www.chess.com"]

[Event "Titled Tuesday Blitz April 18 Late 2023"]
[White "Kovalevsky, Stanislav"]
[Black "Weetik, Vjacheslav"]
[WhiteFideId "13508598"]
[BlackFideId "4153472"]
[WhiteElo "2174"]
[BlackElo "2469"]
[Result "0-1"]
[Round "07"]
[TimeControl "180+2"]
[Date "2023.04.18"]
[WhiteClock "0:00:13"]
[BlackClock "0:01:06"]

1. e4 c6 2. c4 e5 3. Nc3 d6 4. g3 g6 5. Bg2 Bg7 6. Nge2 Nd7 7. d3 Ne7 8. h4 h6 9. Be3 c5 10. Qd2 Nb8 11. f4 Nbc6 12. O-O-O Bg4 13. Rdf1 Nd4 14. fxe5 dxe5 15. Bxd4 cxd4 16. Nd5 Nxd5 17. exd5 b5 18. c5 O-O 19. Kb1 Rc8 20. Rc1 Kh7 21. Rc2 f5 22. Nc1 h5 23. Qb4 a6 24. c6 Rf6 25. Re1 Bf8 26. Qb3 Bd6 27. a4 b4 28. Qc4 a5 29. Nb3 Rf7 30. Qb5 e4 31. dxe4 Bxg3 32. Rf1 Qxh4 33. exf5 Bxf5 34. d6 Bxc2+ 35. Kxc2 Rxf1 36. Qxf1 Bxd6 37. Qf7+ Kh6 38. Be4 Qxe4+ 39. Kd1 Rf8 0-1


[Site "https://www.chess.com"]

[Event "Titled Tuesday Blitz April 18 Late 2023"]
[White "Le Goff, Ronan"]
[Black "Barrientos, Sergio E"]
[WhiteFideId "612073"]
[BlackFideId "4401824"]
[WhiteElo "2275"]
[BlackElo "2423"]
[Result "1-0"]
[Round "07"]
[TimeControl "180+2"]
[Date "2023.04.18"]
[WhiteClock "0:00:19"]
[BlackClock "0:01:03"]

1. d4 a6 2. g3 g6 3. Bg2 Bg7 4. e4 d6 5. Ne2 Nd7 6. O-O e5 7. Nbc3 Ne7 8. dxe5 dxe5 9. Nd5 c6 10. Nxe7 Qxe7 11. b3 O-O 12. a4 Rd8 13. Ba3 Qe8 14. Qc1 Nf8 15. Qe3 Ne6 16. c3 Bf8 17. Bxf8 Qxf8 18. Rfd1 Bd7 19. Qb6 Rab8 20. b4 Qe7 21. a5 Be8 22. h4 Nc7 23. Kh2 Nb5 24. Bh3 Nd6 25. f3 Nc4 26. Qf2 Nb2 27. Rxd8 Rxd8 28. Nc1 Nd3 29. Qe3 Nb2 30. Ra2 Nc4 31. Qe2 Nd6 32. Nd3 f6 33. Nc5 Nb5 34. Rc2 Bf7 35. Qe1 Kg7 36. Rd2 Rd6 37. Qc1 h5 38. Bc8 Rxd2+ 39. Qxd2 Nd6 40. Bh3 Bc4 41. g4 hxg4 42. fxg4 Be6 43. g5 Bxh3 44. Kxh3 f5 45. exf5 Nxf5 46. Qd7 Qxd7 47. Nxd7 e4 48. Nc5 e3 49. Kg2 Nxh4+ 50. Kf1 Nf3 51. Nxb7 Nxg5 52. Nc5 Kf6 53. Nxa6 Ne4 54. Nc7 Nxc3 55. a6 Na4 56. a7 Nb6 57. Ke2 Ke5 58. Kxe3 Kd6 59. a8=Q Nxa8 60. Nxa8 Kd5 61. Nb6+ Ke5 62. Nc4+ Kd5 63. Kd3 g5 64. Ne3+ Ke5 65. Kc4 Ke4 66. Ng4 Kf5 67. Nf2 Ke6 68. Kc5 Kd7 69. Kb6 Kd6 70. Ne4+ Kd5 71. Nxg5 Kc4 72. Ka5 Kd5 73. Nf3 c5 74. b5 c4 75. Ne1 c3 76. Nc2 Kc4 77. b6 Kb3 78. Nd4+ Kc4 79. Nc2 Kb3 80. b7 Kxc2 81. b8=Q Kc1 82. Qf4+ Kb1 83. Qb4+ Kc2 84. Kb5 Kd3 85. Qc4+ Kd2 86. Qd4+ Kc2 87. Kb4 Kb1 88. Qxc3 1-0


[Site "https://www.chess.com"]

[Event "Titled Tuesday Blitz April 18 Late 2023"]
[White "Kubatko, Ivan"]
[Black "Kleiman, Jake"]
[WhiteFideId "24111473"]
[BlackFideId "2020041"]
[WhiteElo "2285"]
[BlackElo "2605"]
[Result "0-1"]
[Round "07"]
[TimeControl "180+2"]
[Date "2023.04.18"]
[WhiteClock "0:00:03"]
[BlackClock "0:00:29"]

1. e4 e5 2. Nf3 Nc6 3. Nc3 Nf6 4. g3 d5 5. exd5 Nxd5 6. Bg2 Be6 7. d3 Nxc3 8. bxc3 Qd7 9. O-O O-O-O 10. Rb1 f6 11. Be3 g5 12. Nd2 Be7 13. Qc1 Bd5 14. Qb2 b6 15. Ne4 f5 16. c4 Bxe4 17. dxe4 f4 18. Bc1 Bc5 19. c3 Rhf8 20. Qb5 f3 21. Bh1 g4 22. Bg5 Be7 23. Be3 Nb8 24. Qb3 Qc6 25. a4 a5 26. Rfd1 Bc5 27. Rd5 Bxe3 28. fxe3 Rxd5 29. cxd5 Qc5 30. Kf2 Nd7 31. c4 Nf6 32. Qd3 Ne8 33. h3 h5 34. hxg4 hxg4 35. Rb5 Qe7 36. c5 Qh7 37. Kg1 f2+ 0-1


[Site "https://www.chess.com"]

[Event "Titled Tuesday Blitz April 18 Late 2023"]
[White "Krishnan, Varun"]
[Black "Prydun, Andriy"]
[WhiteFideId "5054508"]
[BlackFideId "14145898"]
[WhiteElo "2597"]
[BlackElo "2164"]
[Result "1-0"]
[Round "07"]
[TimeControl "180+2"]
[Date "2023.04.18"]
[WhiteClock "0:00:16"]
[BlackClock "0:00:08"]

1. d4 Nf6 2. c4 c5 3. d5 e5 4. Nc3 d6 5. e4 Nbd7 6. Nf3 a6 7. Be2 Be7 8. O-O Nf8 9. a3 Ng6 10. Rb1 O-O 11. b4 b6 12. Qb3 Nh5 13. Nxe5 Nxe5 14. Bxh5 f5 15. f4 Nf7 16. Bxf7+ Rxf7 17. e5 b5 18. bxc5 bxc4 19. Qxc4 Qc7 20. Be3 Bf8 21. Rb6 dxc5 22. Rc6 Qd8 23. Bxc5 Bb7 24. Bxf8 Bxc6 25. Qxc6 Rc8 26. Qxa6 Rxc3 27. Bb4 Qxd5 28. e6 Qd4+ 29. Kh1 Rfc7 30. Bxc3 Qxc3 31. Qd6 Qc5 32. Qd8+ 1-0


[Site "https://www.chess.com"]

[Event "Titled Tuesday Blitz April 18 Late 2023"]
[White "Mazurkiewicz, Michal"]
[Black "Srinath, Rao S.V."]
[WhiteFideId "1124943"]
[BlackFideId "5028876"]
[WhiteElo "2054"]
[BlackElo "2196"]
[Result "0-1"]
[Round "07"]
[TimeControl "180+2"]
[Date "2023.04.18"]
[WhiteClock "0:00:08"]
[BlackClock "0:00:21"]

1. e4 e5 2. Nf3 Nc6 3. Bb5 Nf6 4. O-O Nxe4 5. Re1 Nd6 6. Nxe5 Nxe5 7. Rxe5+ Be7 8. Bf1 O-O 9. d4 Bf6 10. Re1 Nf5 11. c3 d5 12. Nd2 a5 13. Nf3 a4 14. a3 c6 15. Bd3 Nd6 16. Ne5 Bf5 17. Bf4 Bxd3 18. Nxd3 Nc4 19. Qf3 b6 20. Rad1 Qd7 21. Re2 Qf5 22. g4 Qg6 23. Rde1 h5 24. h3 Rfc8 25. Kh2 hxg4 26. hxg4 Bg5 27. Ne5 Qh6+ 28. Kg2 Bxf4 29. Rh1 Nxe5 30. Rxe5 Qf6 31. Rf5 Qg6 32. Qxf4 Re8 33. Re5 f6 34. Re3 Rxe3 35. fxe3 Re8 36. Kf3 Qc2 37. Qf5 Qe4+ 38. Qxe4 Rxe4 39. Rg1 Kf7 40. g5 f5 41. Rh1 Kg6 42. Rg1 Rh4 43. Rg2 Rh1 44. Kf4 Re1 45. Ke5 Rxe3+ 46. Kd6 f4 47. Kxc6 f3 48. Rf2 Kxg5 49. Kxd5 Kf4 50. Kc6 Re2 51. Rxf3+ Kxf3 52. Kxb6 g5 53. d5 g4 54. d6 g3 55. d7 Rd2 56. Kc7 g2 57. d8=Q Rxd8 58. Kxd8 g1=Q 0-1


[Site "https://www.chess.com"]

[Event "Titled Tuesday Blitz April 18 Late 2023"]
[White "MKlose11"]
[Black "Aranda Marin, Cristian"]
[BlackFideId "2205513"]
[WhiteElo "2575"]
[BlackElo "2233"]
[Result "1-0"]
[Round "07"]
[TimeControl "180+2"]
[Date "2023.04.18"]
[WhiteClock "0:00:30"]
[BlackClock "0:00:01"]

1. e4 d5 2. exd5 Qxd5 3. Nc3 Qd8 4. d4 Nf6 5. Nf3 g6 6. Be3 Bg7 7. Qd2 a6 8. Bh6 O-O 9. h4 b5 10. h5 b4 11. Na4 Qd5 12. hxg6 fxg6 13. b3 Be6 14. O-O-O Nbd7 15. Ng5 Bxh6 16. Rxh6 Ne4 17. Nxe4 Qxe4 18. Re1 Qf4 19. Rxe6 Qxd2+ 20. Kxd2 Rxf2+ 21. Be2 Nf6 22. Rxe7 Rd8 23. Kd3 Rf4 24. Bf3 Rdxd4+ 25. Ke2 g5 26. Rxc7 g4 27. Bb7 1-0


[Site "https://www.chess.com"]

[Event "Titled Tuesday Blitz April 18 Late 2023"]
[White "Perske, Thore"]
[Black "Marczuk, Dominik"]
[WhiteFideId "12902195"]
[BlackFideId "1111264"]
[WhiteElo "2336"]
[BlackElo "2174"]
[Result "1-0"]
[Round "07"]
[TimeControl "180+2"]
[Date "2023.04.18"]
[WhiteClock "0:00:22"]
[BlackClock "0:00:08"]

1. e4 c5 2. Nf3 d6 3. g3 g6 4. Bg2 Bg7 5. O-O Nc6 6. d3 e5 7. Nc3 Nge7 8. a4 O-O 9. Nd2 Be6 10. Nc4 h6 11. Nd5 Kh7 12. c3 f5 13. f4 Qd7 14. Be3 Rae8 15. Qd2 Bg8 16. Nxe7 Rxe7 17. fxe5 Nxe5 18. Nxe5 Rxe5 19. d4 cxd4 20. Bxd4 Re7 21. exf5 Rxf5 22. Bxa7 Rxf1+ 23. Bxf1 Bf6 24. Bd4 Bg5 25. Qc2 Bd5 26. Bg2 Bc4 27. Bf1 Bd5 28. Rd1 Bf3 29. Ra1 h5 30. Bd3 h4 31. Rf1 Qg4 32. Bxg6+ Kh6 33. Bf5 Qh5 34. Qf2 Be2 35. Re1 hxg3 36. Qxg3 Bh4 37. Be3+ Bg5 38. Qxg5+ Qxg5+ 39. Bxg5+ Kxg5 40. Bd3 1-0


[Site "https://www.chess.com"]

[Event "Titled Tuesday Blitz April 18 Late 2023"]
[White "Blomqvist, Erik"]
[Black "Papayan, Oleg"]
[WhiteFideId "1709437"]
[BlackFideId "4193911"]
[WhiteElo "2436"]
[BlackElo "2153"]
[Result "0-1"]
[Round "07"]
[TimeControl "180+2"]
[Date "2023.04.18"]
[WhiteClock "0:01:20"]
[BlackClock "0:00:43"]

1. Nf3 Nf6 2. g3 c5 3. c4 Nc6 4. Bg2 d5 5. cxd5 Nxd5 6. Nc3 Nc7 7. O-O e5 8. a3 a5 9. d3 Be7 10. Nd2 O-O 11. Nc4 f6 12. f4 exf4 13. Bxf4 Ne6 14. Nb6 Qxb6 15. Nd5 Qd8 16. Be3 Ned4 17. Rc1 Be6 18. Nf4 Bb3 19. Qd2 a4 20. Bf2 Bf7 21. e4 Nb3 22. Qc3 Nxc1 23. Rxc1 Nd4 24. Qe1 Qb6 25. e5 fxe5 26. Qxe5 Bf6 27. Qe4 Qxb2 28. Rf1 Rfe8 0-1


[Site "https://www.chess.com"]

[Event "Titled Tuesday Blitz April 18 Late 2023"]
[White "Kielinkei"]
[Black "Zarnicki, Pablo"]
[BlackFideId "100137"]
[WhiteElo "2429"]
[BlackElo "2468"]
[Result "0-1"]
[Round "07"]
[TimeControl "180+2"]
[Date "2023.04.18"]
[WhiteClock "0:00:30"]
[BlackClock "0:01:42"]

1. e4 e5 2. Nc3 Nf6 3. f4 d5 4. fxe5 Nxe4 5. Qf3 Nxc3 6. bxc3 Be7 7. d4 O-O 8. Bd3 c5 9. Ne2 c4 10. Bf5 Bxf5 11. Qxf5 Qd7 12. Qxd7 Nxd7 13. Nf4 Nb6 14. a4 Bg5 15. Nxd5 Nxd5 16. Bxg5 Nxc3 17. Bd2 Nd5 18. c3 f5 19. Rb1 a6 20. Rxb7 Rab8 21. Rxb8 Rxb8 22. Ke2 Rb2 23. Rc1 Nf4+ 24. Kf3 Nd5 25. Be3 Kf7 26. g4 fxg4+ 27. Ke4 Ke6 28. Re1 Nxc3+ 29. Kf4 Nd5+ 30. Kxg4 c3 31. Kf3 c2 32. Ke4 Nxe3 0-1


[Site "https://www.chess.com"]

[Event "Titled Tuesday Blitz April 18 Late 2023"]
[White "Yeritsyan, Hayk"]
[Black "Moral Garcia, Serafin"]
[WhiteFideId "13307320"]
[BlackFideId "2201925"]
[WhiteElo "2407"]
[BlackElo "2274"]
[Result "1/2-1/2"]
[Round "07"]
[TimeControl "180+2"]
[Date "2023.04.18"]
[WhiteClock "0:00:05"]
[BlackClock "0:00:20"]

1. d4 Nf6 2. Nf3 g6 3. Bf4 c5 4. e3 Bg7 5. c3 Qb6 6. Qb3 Qxb3 7. axb3 cxd4 8. exd4 Nc6 9. h3 d6 10. Be2 O-O 11. O-O a6 12. Nbd2 Re8 13. Nc4 Bf5 14. b4 Nd5 15. Bh2 Rac8 16. Rfe1 Nb8 17. Bf1 Nd7 18. Na5 Rc7 19. Bxd6 Rcc8 20. Bh2 b6 21. Nb3 Ra8 22. Rxa6 Rxa6 23. Bxa6 e6 24. Bb5 Rd8 25. Be5 Bf8 26. Bxd7 Rxd7 27. Ra1 f6 28. Bg3 Kf7 29. Nbd2 Bd3 30. Ne1 Bf5 31. Nc4 h5 32. Ne3 Be4 33. Nxd5 Bxd5 34. Nc2 Bh6 35. Ne3 Bxe3 36. fxe3 Ke7 37. Ra6 Rb7 38. Kf2 Kd7 39. Ra8 g5 40. Rb8 Rxb8 41. Bxb8 Kc6 42. g3 Kb5 43. Ke2 Kc4 44. Kd2 b5 45. Bd6 f5 46. Be7 g4 47. h4 Be4 48. Bd6 Kb3 49. Kc1 Kc4 50. Bf4 Bd3 51. Kd2 Be4 52. Be5 Kb3 53. Kc1 Kc4 54. Bd6 Kd3 55. Bf4 Kc4 56. Kd1 Kb3 57. Kc1 Kc4 58. Kd2 Kb3 59. Be5 Kc4 60. Kc1 Kb3 61. Kd2 Kc4 62. Ke2 Kb3 63. Bd6 Kxb2 64. Kd2 Kb3 65. Be5 Kc4 66. Bd6 Kb3 67. Bc5 Kc4 68. Bd6 Kb3 1/2-1/2


[Site "https://www.chess.com"]